 Dungeon Crawl Stone Soup version 0.29-a0-370-gb5314be063 (webtiles) character file.

Game seed: 14578856000897314069

2089 Colgate the Fighter (level 9, -1/88 HPs)
             Began as a Kobold Brigand on May 2, 2022.
             Was a Follower of Ashenzari.
             Slain by an orc warrior
             ... wielding a +0 halberd
              (13 damage)
             ... on level 7 of the Dungeon.
             The game lasted 00:25:29 (10328 turns).

Colgate the Fighter (Kobold Brigand)               Turns: 10328, Time: 00:25:30

Health: -1/88      AC: 10    Str:  9    XL:     9   Next: 52%
Magic:  9/9        EV: 19    Int: 16    God:    Ashenzari [*.....]
Gold:   360        SH:  0    Dex: 22    Spells: 6/8 levels left

rFire   . . .      SeeInvis +     - Unarmed
rCold   . . .      Faith    .   (no shield)
rNeg    . . .      Spirit   .   g - +0 robe "Eternal With Me" {Cun, Fort} (curse)
rPois   .          Reflect  .   D - +2 helmet
rElec   .          Harm     .   b - +0 cloak "Restrained Activism" {Cun, Bglg} (curse)
rCorr   .          Rampage  .   H - +0 pair of gloves
Will    .....                   G - +2 pair of boots
Stlth   ..........              w - amulet of magic regeneration
HPRegen 0.24/turn               r - +6 ring of dexterity
MPRegen 0.51/turn               u - ring of see invisible

@: berserking, very quick
A: small, no large weapons, nightstalker 3
a: Renounce Religion, Shatter the Chains


You were on level 7 of the Dungeon.
You worshipped Ashenzari.
Ashenzari was aware of your devotion.
You visited 2 branches of the dungeon, and saw 8 of its levels.
You also visited: Sewer.

You collected 360 gold pieces.

Inventory:

Hand Weapons
 a - a +4 dagger
 c - a +2 short sword of venom
Missiles
 d - 14 poisoned darts (quivered)
 e - 3 curare-tipped darts
 k - 4 boomerangs of dispersal
Armour
 b - the cursed +0 cloak "Restrained Activism" (worn) {Cun, Bglg}

   It has a curse which improves the following skills: Cunning: Dodging and
   Stealth.
   Beguiling: Conjurations, Hexes and Translocations.
 g - the cursed +0 robe "Eternal With Me" (worn) {Cun, Fort}

   It has a curse which improves the following skills: Cunning: Dodging and
   Stealth.
   Fortitude: Armour and Shields.
 D - a +2 helmet (worn)
 G - a +2 pair of boots (worn)
 H - a +0 pair of gloves (worn)
Magical Staves
 f - a staff of cold
 n - a staff of fire
Jewellery
 r - a +6 ring of dexterity (left hand)
 u - a ring of see invisible (right hand)
 w - an amulet of magic regeneration (around neck)
 y - a +6 ring of intelligence
Wands
 m - a wand of polymorph (2)
 x - a wand of mindburst (20)
 F - a wand of digging (8) {@v3}
Scrolls
 h - a scroll of amnesia
 l - 2 scrolls of immolation
 p - 5 scrolls of teleportation {@r3}
 v - a scroll of noise
 z - a scroll of fog
 A - 2 scrolls of vulnerability
 C - a scroll of torment
Potions
 j - 3 potions of brilliance
 o - 2 potions of magic
 q - a potion of flight
 t - 2 potions of curing {@q1}
 B - 2 potions of cancellation
 E - a potion of attraction


   Skills:
 - Level 8.1 Fighting
 - Level 3.1 Short Blades
 - Level 2.1 Throwing
 - Level 5.3(6.6) Dodging
 - Level 5.3(6.6) Stealth
 - Level 8.0 Unarmed Combat
 + Level 1.9 Evocations


You had 6 spell levels left.
You knew the following spells:

 Your Spells              Type           Power      Damage    Failure   Level
a - Blink                 Tloc           0%         N/A       36%         2

Your spell library contained the following spells:

 Spells                   Type           Power      Damage    Failure   Level
 Inner Flame              Hex/Fire       0%         N/A       58%         3
 Cause Fear               Hex            0%         N/A       94%         4
 Fulminant Prism          Conj/Hex       0%         3d6       94%         4
 Iskenderun's Mystic Bla  Conj/Tloc      0%         2d3       94%         4
 Lee's Rapid Deconstruct  Erth           0%         3d5*      100%        5
 Manifold Assault         Tloc           0%         N/A       100%        5
 Storm Form               Tmut/Air       0%         N/A       100%        7
 Discord                  Hex            0%         N/A       100%        8


Dungeon Overview and Level Annotations

Branches:
Dungeon (7/15)             Temple (1/1) D:5           Sewer (visited)

Altars:
Ashenzari
Cheibriados
Elyvilon
Fedhas
Hepliaklqana
Kikubaaqudgha
Makhleb
Nemelex Xobeh
Okawaru
Ru
Sif Muna
Trog
Vehumet
Xom
Yredelemnul
Zin
The Shining One

Shops:
D:1 !

Annotations:
D:3 2 transporters, Colgate's ghost, amateur KoBr


Innate Abilities, Weirdness & Mutations

You are small and have problems with some larger weapons.
You are completely attuned to the shadows.


Message History

The orc warrior hits you with a +0 halberd.
You completely miss the orc warrior.
The orc warrior hits you with a +0 halberd!
The orc priest looks braver for a moment.
You closely miss the orc warrior.
The orc priest calls down the wrath of Beogh upon you.
Beogh smites you! The orc warrior closely misses you.
You barely miss the orc warrior.
The orc warrior hits you with a +0 halberd.
You punch the orc warrior! The orc warrior misses you.
You hit the orc warrior. The orc warrior closely misses you.
You closely miss the orc warrior. You hit the orc warrior.
The orc priest looks braver for a moment.
The orc warrior hits you with a +0 halberd!
The orc priest looks satisfied for a moment.
You hit the orc warrior but do no damage.
The orc warrior closely misses you.
You hit the orc warrior. The orc warrior completely misses you.
The orc warrior closely misses you.
The orc priest calls upon Beogh to heal the orc warrior.
The orc warrior is healed somewhat.
The orc priest looks encouraged for a moment.
The orc warrior hits you with a +0 halberd!
* * * LOW HITPOINT WARNING * * *
You barely miss the orc warrior. The orc warrior barely misses you.
You barely miss the orc warrior.
You hit the orc warrior but do no damage.
The orc warrior misses you.
The orc priest calls upon Beogh to heal the orc warrior.
The orc warrior is healed somewhat.
You hit the orc warrior but do no damage.
The orc warrior hits you with a +0 halberd!
* * * LOW HITPOINT WARNING * * *
A red film seems to cover your vision as you go berserk!
You feel yourself moving faster!
You feel mighty! The orc warrior completely misses you.
You punch the orc warrior!
The orc warrior hits you with a +0 halberd!
You die...

#.#.......^.
#####...###.#.#.#
........#.....#..
#######.#.#.###
#...#.# #.###.#
#......
#.######.###.
#oo@.)...#
#.o######.# .. .#
. .#


You could see an orc warrior and 2 orc priests.

Vanquished Creatures
  A yak (D:6)
  3 black bears
  3 ice beasts
  2 sky beasts
  An ogre (D:6)
  3 centaurs
  2 scorpions (D:6)
  3 necrophages
  4 hounds
  2 jellies
  3 iguanas
  4 orc wizards
  A hell rat (Sewer)
  Robin (D:1)
  5 adders
  2 river rats (Sewer)
  A shadow imp (D:5)
  2 white imps (D:6)
  3 ufetubi
  4 worms
  4 dart slugs
  11 orcs
  4 ball pythons
  6 bats
  7 endoplasms
  A giant cockroach (D:1)
  15 goblins
  8 hobgoblins
  5 jackals
  4 kobolds
  4 quokkas
  4 frilled lizards
  9 rats
132 creatures vanquished.

Vanquished Creatures (others)
  2 plants (D:5)
2 creatures vanquished.

Grand Total: 134 creatures vanquished

Notes
Turn   | Place    | Note
-------+----------+-------------------------------------------
     0 | D:1      | Colgate the Kobold Brigand began the quest for the Orb.
     0 | D:1      | Reached XP level 1. HP: 12/12 MP: 1/1
   303 | D:1      | Reached XP level 2. HP: 18/18 MP: 2/2
   900 | D:1      | Found Luatoen's Distillery.
   998 | D:1      | Reached XP level 3. HP: 23/23 MP: 3/3
  1231 | D:2      | Noticed Robin
  1309 | D:1      | Killed Robin
  1310 | D:1      | Reached XP level 4. HP: 16/29 MP: 4/4
  1718 | D:1      | Found Luatoen's Distillery.
  3070 | D:2      | Reached skill level 5 in Fighting
  3102 | D:2      | Reached XP level 5. HP: 35/35 MP: 5/5
  3315 | D:3      | Found a hazy altar of Hepliaklqana.
  3338 | D:3      | Found a burning altar of Makhleb.
  3355 | D:3      | Reached skill level 1 in Unarmed Combat
  3911 | D:3      | Reached XP level 6. HP: 35/40 MP: 6/6
  4265 | D:3      | Found a transporter.
  4267 | D:3      | Noticed Colgate's ghost (amateur KoBr)
  4268 | D:3      | Found a transporter.
  4269 | D:3      | Identified the +8 great mace "Nyoqul" {drain, Drain Int+2
                  | Dex+7}
  4269 | D:3      | Noticed an ogre
  4279 | D:3      | Noticed an ogre
  5142 | D:3      | Found a hazy altar of Hepliaklqana.
  5237 | D:3      | Found a transporter.
  5246 | D:3      | Found a transporter.
  5395 | D:3      | Found a burning altar of Makhleb.
  6192 | D:4      | Found a white marble altar of Elyvilon.
  6235 | D:4      | Became a worshipper of Elyvilon the Healer
  6275 | D:4      | Learned a level 2 spell: Blink
  6339 | D:4      | You fall into a shaft and drop 1 floor!
  6339 | D:5      | Entered Level 5 of the Dungeon
  6377 | D:5      | Found a glowing drain.
  6385 | Sewer    | Entered a sewer
  6622 | D:5      | Reached XP level 7. HP: 44/44 MP: 7/7
  6767 | D:5      | Found a staircase to the Ecumenical Temple.
  6801 | Temple   | Entered the Ecumenical Temple
  7127 | Temple   | Fell from the grace of Elyvilon
  7127 | Temple   | Became a worshipper of Ashenzari the Shackled
  7239 | D:5      | Reached skill level 5 in Unarmed Combat
  7762 | D:5      | Reached XP level 8. HP: 40/49 MP: 8/8
  8417 | D:6      | Found a glowing golden altar of the Shining One.
  8844 | D:6      | Found a shimmering blue altar of Sif Muna.
  8859 | D:6      | Reached * piety under Ashenzari
  8965 | D:6      | Reached XP level 9. HP: 56/56 MP: 9/9
  9625 | D:6      | Found a glowing golden altar of the Shining One.
 10195 | D:6      | Found a shimmering blue altar of Sif Muna.
 10260 | D:7      | Reached skill level 5 in Dodging
 10284 | D:7      | Reached skill level 1 in Evocations
 10328 | D:7      | Slain by an orc warrior

Illustrated notes

Levels and vault maps discovered:
D:1:      lemuel_arrival_river_bridge, layout_loops_corners, serial_shops, shop
D:2:      layout_basic, uniq_robin
D:3:      layout_loops_corners, mainiacjoe_overflow_large_starburst,
          gammafunk_ghost_smash
D:4:      layout_layer_cave, mainiacjoe_overflow_boulevard
D:5:      layout_rooms, minmay_temple_entry_overgrown, portal_sewer_entry_d
D:6:      layout_loops_ring, lemuel_round_altar, mainiacjoe_overflow_alcove_1,
          amcnicky_mini_corridor_feature, minmay_divided_ellipse
D:7:      layout_loops_ring, minmay_misc_feat_roman
Temple:   hc_temple_tempest_star

Skill      XL: |  1  2  3  4  5  6  7  8  9 |
---------------+----------------------------+-----
Short Blades   | 3 |  3.1
Fighting       | 3 4 5 6 8 |  8.1
Unarmed Combat | 3 4 7 8 |  8.0
Dodging        | 4 5 |  5.3
Evocations     | 1 |  1.9
Throwing       | |  2.1
Stealth        | |  5.3

Action                   |  1- 3 |  4- 6 |  7- 9 || total
-------------------------+-------+-------+-------++-------
Melee: Dagger            |    33 |    37 |    19 ||    89
       Short sword       |    14 |   123 |    39 ||   176
       Unarmed           |     3 |       |   160 ||   163
       Punch             |       |     3 |    13 ||    16
Throw: Dart              |       |       |     8 ||     8
Invok: Curse Item        |       |       |     2 ||     2
  Use: Scroll            |       |       |    10 ||    10
       Potion            |       |       |     2 ||     2
 Stab: Sleeping          |    16 |    12 |    10 ||    38
       Distracted        |       |     2 |     2 ||     4
Armor: Robe              |     6 |    32 |    47 ||    85
Dodge: Dodged            |    27 |    88 |   138 ||   253

Table legend: (Time is in decaauts)
 A = Elapsed time spent in this place.
 B = Non-inter-level travel time spent in this place.
 C = Inter-level travel time spent in this place.
 D = Time resting spent in this place.
 E = Time spent auto-exploring this place.
 F = Levels seen in this place.
 G = Mean time per level.
                   A        B        C        D        E       F      G
               +--------+--------+--------+--------+--------+-----+--------+
         Total |  10243 |   9932 |    311 |    171 |   8215 |   9 | 1138.1 |
       Dungeon |   9711 |   9400 |    311 |     72 |   8090 |   7 | 1387.3 |
        Temple |    339 |    339 |      0 |      0 |    113 |   1 |  339.0 |
         Sewer |    191 |    191 |      0 |     99 |     12 |   1 |  191.0 |
               +--------+--------+--------+--------+--------+-----+--------+

Top non-repeatable levels by time:
     D:3: 2469 daAuts
     D:6: 2422 daAuts
     D:1: 2400 daAuts
     D:5: 909 daAuts
     D:2: 785 daAuts
     D:4: 634 daAuts
  Temple: 339 daAuts
   Sewer: 191 daAuts
     D:7: 89 daAuts
